 Dungeon Crawl Stone Soup version 0.17.1-1-g73c8601 (webtiles) character file.

353 MrAndersen the Chiller (level 6, -2/32 HPs)
             Began as a Deep Elf Ice Elementalist on Dec 24, 2015.
             Was a Follower of Cheibriados.
             Slain by smajdalf's ghost (6 damage)
             ... on level 3 of the Dungeon on Dec 25, 2015.
             The game lasted 00:51:08 (3570 turns).

MrAndersen the Chiller (Deep Elf Ice Elementalist)  Turns: 3570, Time: 00:51:08

Health: -2/32      AC:  3    Str:  8    XL:     6   Next: 35%
Magic:  1/14       EV: 13    Int: 25    God:    Cheibriados [*.....]
Gold:   102        SH:  0    Dex: 18    Spells: 4 memorised, 2 levels left

rFire  . . .     SeeInvis .     d - +0 dagger
rCold  + . .     Clarity  +     a - +1 robe
rNeg   . . .     SustAt   .     (no shield)
rPois  .         Gourm    .     (no helmet)
rElec  .         Spirit   .     (no cloak)
rCorr  .         Warding  .     (no gloves)
rMut   .         Stasis   .     (no boots)
MR     .....                    e - amulet of clarity
Stlth  +++.......               (no ring)
                                i - ring of protection from cold

@: very slightly contaminated, very slow, not resistant to hostile enchantments,
fairly stealthy
A: no striking features
a: Bend Time, Renounce Religion


You were on level 3 of the Dungeon.
You worshipped Cheibriados.
Cheibriados was aware of your devotion.
You were not hungry.

You visited 1 branch of the dungeon, and saw 3 of its levels.

You collected 102 gold pieces.

Inventory:

Hand Weapons
 d - a +0 dagger (weapon)
 k - a +4 quarterstaff of chaos
 q - a +2 war axe of flaming
Armour
 a - a +1 robe (worn)
 g - a +3 leather armour
 m - a +1 cloak of poison resistance
Jewellery
 e - an amulet of clarity (around neck)
 i - a ring of protection from cold (left hand)
 s - a cursed ring of teleportation {unknown}
Wands
 c - a wand of frost (21)
Scrolls
 f - 2 scrolls of enchant armour
 l - 2 scrolls of teleportation
 o - a scroll of blinking
 r - a scroll of amnesia
Potions
 j - a potion of might
 p - a potion of heal wounds {unknown}
Books
 b - a book of Frost

   Spells                             Type                      Level
   a - Freeze                         Ice                          1
   b - Throw Frost                    Conjuration/Ice              2
   c - Ozocubu's Armour               Charms/Ice                   3
   d - Throw Icicle                   Conjuration/Ice              4
   e - Summon Ice Beast               Ice/Summoning                4
   f - Condensation Shield            Ice                          4
Comestibles
 h - a bread ration
 n - a meat ration


   Skills:
 - Level 2.5 Dodging
 - Level 3.0 Stealth
 - Level 4.4 Spellcasting
 - Level 3.1 Conjurations
 + Level 1.5 Summonings
 - Level 5.1 Ice Magic
 - Level 3.1 Invocations


You had 2 spell levels left.
You knew the following spells:

 Your Spells              Type           Power        Failure   Level  Hunger
a - Freeze                Ice            ####         1%          1    None
b - Throw Frost           Conj/Ice       ####..       2%          2    None
c - Throw Icicle          Conj/Ice       ####....     17%         4    ####...
d - Summon Ice Beast      Ice/Summ       ###.....     28%         4    ####...


Dungeon Overview and Level Annotations

Branches:
Dungeon (3/15)

Altars:
Ashenzari
Cheibriados
Kikubaaqudgha

Annotations:
D:3 smajdalf's ghost, amateur DrCj


Message History

The magic dart hits you!
Casting: Throw Frost
Confirm with . or Enter, or press ? or * to list all spells.
Aiming: Freeze
Press: ? - help, Shift-Dir - straight line, f/p - smajdalf's ghost
Aim: smajdalf's ghost, wielding a weapon of electrocution (heavily damaged)
You freeze smajdalf's ghost.
Smajdalf's ghost is severely damaged.
Smajdalf's ghost hits you.
Casting: Freeze
Confirm with . or Enter, or press ? or * to list all spells.
Aiming: Freeze
Press: ? - help, Shift-Dir - straight line, f/p - smajdalf's ghost
Aim: smajdalf's ghost, wielding a weapon of electrocution (severely damaged)
You freeze smajdalf's ghost.
Smajdalf's ghost is severely damaged.
Smajdalf's ghost hits you!
* * * LOW HITPOINT WARNING * * *
Smajdalf's ghost hits you.
You die...

#.#.#.#.#.#.#......#
##................#......
#.#.#.#.#.#.#.#.#.#######
##..............#.#
#.#.#.#.#.#.#.##.## ###
##...........###..###..
#.#.#.#.#.#.##.......#
##.........#...##....#
#.#.#@#.#)..####..PP#
##..W..)..### #..†.#
#######.## #....##
#.#######.PP...
#.)..##........
####..†....####
####.##.....
#.......######. ..#######


You could see smajdalf's ghost.

Vanquished Creatures
  3 vampire bats (D:2)
  Crazy Yiuf (D:2)
  Jessica (D:2)
  Terence (D:2)
  5 adders
  A gnoll (D:1)
  An adder zombie (D:3)
  4 worms (D:2)
  3 giant geckos
  5 orcs (D:3)
  3 ball pythons
  A bat (D:1)
  3 bat skeletons (D:2)
  2 bat zombies (D:2)
  A giant cockroach (D:1)
  4 goblins
  3 hobgoblins (D:1)
  2 jackals (D:3)
  A quokka (D:2)
  3 giant newts
  A jackal skeleton (D:3)
  12 kobolds
  14 rats
75 creatures vanquished.

Vanquished Creatures (others)
  A plant (D:3)
1 creature vanquished.

Grand Total: 76 creatures vanquished

Notes
Turn   | Place    | Note
--------------------------------------------------------------
     0 | D:1      | MrAndersen the Deep Elf Ice Elementalist began the quest for the Orb.
     0 | D:1      | Reached XP level 1. HP: 10/10 MP: 6/6
    25 | D:1      | Found a shattered altar of Ashenzari.
   165 | D:1      | Reached XP level 2. HP: 15/15 MP: 2/8
   175 | D:1      | Learned a level 2 spell: Throw Frost
   461 | D:1      | Reached skill level 4 in Ice Magic
   851 | D:2      | Reached XP level 3. HP: 19/19 MP: 1/10
  1241 | D:2      | Noticed Jessica
  1262 | D:2      | Killed Jessica
  1262 | D:2      | Reached XP level 4. HP: 3/24 MP: 2/12
  1516 | D:2      | Noticed Terence
  1565 | D:2      | Killed Terence
  1945 | D:2      | Found a snail-covered altar of Cheibriados.
  1949 | D:2      | Became a worshipper of Cheibriados the Contemplative
  2015 | D:2      | Reached XP level 5. HP: 28/28 MP: 7/13
  2101 | D:2      | Noticed a vampire bat
  2102 | D:2      | Noticed a vampire bat
  2127 | D:2      | Killed a vampire bat
  2127 | D:2      | Reached skill level 5 in Ice Magic
  2512 | D:2      | Learned a level 4 spell: Throw Icicle
  2520 | D:2      | Learned a level 4 spell: Summon Ice Beast
  2539 | D:2      | Reached skill level 1 in Invocations
  2608 | D:2      | Killed a vampire bat
  2694 | D:2      | Noticed a vampire bat
  2697 | D:2      | Killed a vampire bat
  2697 | D:2      | Reached XP level 6. HP: 32/32 MP: 7/14
  2706 | D:2      | Found an ancient bone altar of Kikubaaqudgha.
  2810 | D:2      | Noticed Crazy Yiuf
  2834 | D:2      | Killed Crazy Yiuf
  2834 | D:2      | Reached * piety under Cheibriados
  3077 | D:3      | Noticed smajdalf's ghost (amateur DrCj)
  3085 | D:3      | Reached skill level 1 in Summonings
  3570 | D:3      | Slain by smajdalf's ghost

Action                   |  1- 3 |  4- 6 || total
-------------------------+-------+-------++-------
Melee: Unarmed           |     8 |       ||     8
       Dagger            |     1 |    33 ||    34
 Cast: Freeze            |    19 |    48 ||    67
       Throw Frost       |    27 |    48 ||    75
       Throw Icicle      |       |    12 ||    12
Invok: Bend Time         |       |     2 ||     2
  Use: Scroll            |     7 |     3 ||    10
       Potion            |     3 |     4 ||     7
 Stab: Sleeping          |       |     1 ||     1
  Eat: Bread ration      |       |     2 ||     2
       Meat ration       |       |     1 ||     1
